[Event "NJSK 2023 Jeugd C"]
[Site "Almelo, Netherlands"]
[Date "2023.05.02"]
[Round "4.8"]
[White "Ambrona Navarro, Himar"]
[Black "Lopes, Samuel"]
[Result "0-1"]
[TimeControl "90min/40moves + 30min + 30sec/move"]
[WhiteElo "1834"]
[BlackElo "1865"]

1. d4 d5 2. Bf4 Nf6 3. e3 e6 4. Nf3 Bd6 5. Bg3 O-O 6. Bd3 c5 7. c3 Qc7 8. Nbd2 Nbd7 9. Bxd6 Qxd6 10.
O-O e5 11. dxe5 Nxe5 12. Nxe5 Qxe5 13. Re1 Qc7 14. Qc2 h6 15. h3 Bd7 16. Nf3 Rfe8 17. Rac1 Rac8 18. c4 Be6 19. Bf5 Qd7 20.
Bxe6 Qxe6 21. Red1 b6 22. cxd5 Nxd5 23. Qc4 Red8 24. Rd2 Nc7 25. Qxe6 Nxe6 26. Rcd1 Rxd2 27. Rxd2 Rc7 28. Ne5 Kf8 29.
Rd7 Rxd7 30. Nxd7+ Ke7 31. Ne5 a6 32. f4 Nc7 33. g4 f6 34. Nf3 Nd5 35. Kf2 Nb4 36. Ke2 Nxa2 37. Kd3 b5 38.
Ke4 Nb4 39. Kf5 Kf7 40. Ke4 c4 41. Kd4 Nc2+ 42. Kc5 Nxe3 43. Kb6 b4 44. Nd2 c3 45. bxc3 bxc3 46. Nb3 Nd5+ 47. Kxa6 Nxf4 48.
h4 Ne2 49. Na1 Nd4 0-1

[Event "NJSK 2023 Jeugd C"]
[Site "Almelo, Netherlands"]
[Date "2023.05.02"]
[Round "4.9"]
[White "Chua, Ethan"]
[Black "Katpatal, Akshaj"]
[Result "0-1"]
[TimeControl "90min/40moves + 30min + 30sec/move"]
[WhiteElo "1776"]
[BlackElo "1840"]

1. e4 e5 2. Nc3 Nc6 3. Bc4 Nf6 4. d3 Bc5 5. Bg5 h6 6. Bh4 d6 7. Nf3 Bg4 8. h3 Be6 9. Nd5 Bxd5 10.
Bxf6 Qxf6 11. Bxd5 Nd4 12. Nxd4 Bxd4 13. O-O c6 14. c3 Bb6 15. Bc4 O-O 16. a4 Rad8 17. a5 Bc7 18. Qb3 b5 19.
axb6 Bxb6 20. Rad1 Qf4 21. Kh1 Kh8 22. f3 Be3 23. Rde1 Qg5 24. g3 Bc5 25. Kg2 Qd2+ 26. Kh1 Rb8 27.
Qd1 Qxb2 28. f4 Qxc3 29. f5 Rb2 30. Re2 Rxe2 31. Qxe2 Qd4 32. f6 g6 33. Qg4 d5 34. Qh4 Kh7 35.
exd5 Qxh4 36. gxh4 cxd5 37. Bxd5 Kg8 38. h5 Rd8 39. Bc4 g5 40. Re1 Bd4 41. Rb1 Bb6 42. Rb5 Rd6 43. Rxe5 Rxf6 44.
Kg2 Kg7 45. Re7 Bc5 46. Rc7 Rf2+ 47. Kg3 Rf5 48. Kg2 Bb6 49.
Rb7 Rf2+ 50. Kg3 Rf6 51. Kg2 a5 52. Bxf7 Rxf7 53. Rxb6 Ra7 54. Kf3 a4 55. Ke4 a3 56. Rb1 Ra5 57.
d4 a2 58. Ra1 Kf6 59. Rf1+ Ke6 60. Ra1 Ra4 61. Kf3 Kd5 62. Kg4 Kxd4 63. Kf5 Kc3 64. Kg6 Ra6+ 65. Kg7 Kb2 66. Rxa2+ Kxa2 0-1

[Event "NJSK 2023 Jeugd C"]
[Site "Almelo, Netherlands"]
[Date "2023.05.02"]
[Round "4.10"]
[White "Van Batenburg, Mees"]
[Black "Klein Tuente, Sam"]
[Result "1-0"]
[TimeControl "90min/40moves + 30min + 30sec/move"]
[WhiteElo "2054"]
[BlackElo "1478"]

1. e4 c5 2. Nf3 Nc6 3. d4 cxd4 4. Nxd4 Nf6 5. Nc3 e6 6. Nxc6 bxc6 7. e5 Nd5 8. Ne4 Qc7 9. f4 Ba6 10.
c4 Nb6 11. b3 Nc8 12. c5 Bxf1 13.
Kxf1 Qa5 14. Be3 Qb4 15. Qd3 a5 16. Kf2 Be7 17. Kf3 Na7 18. a4 O-O 19. Qxd7 Rfe8 20. Rab1 Kf8 21. Qd4 Qxd4 22.
Bxd4 Red8 23. Rhd1 Rd5 24. Nc3 Rb8 25. Nxd5 cxd5 26. Rdc1 Nc6 27. Be3 Rb4 28. Bd2 Rb8 29. Ke3 Ke8 30. Rc2 Kd7 31. g4 h6 32. h3 g6 33.
Kf2 Bh4+ 34. Kg2 Be7 35. Rc3 Rb4 36. Rd3 Rb8 37. Rc1 Bf8 38. h4 Be7 39. Kh3 Rh8 40. h5 Rf8 41. Be1 g5 42.
Bg3 Nb4 43. Rdd1 gxf4 44. Bxf4 Bg5 45. Bxg5 hxg5 46. c6+ Nxc6 47. Rc5 Nxe5 48. Rxa5 Rb8 49. Rb5 Rxb5 50. axb5 Kc7 51. Re1 Nd7 52.
h6 Nf8 53. Rf1 f5 54. gxf5 e5 55. Kg4 Nh7 56. f6 e4 57. f7 d4 58. f8=Q Nxf8 59. Rxf8 e3 60. Re8 Kd7 61. h7 Kxe8 62.
h8=Q+ Kf7 63. Qxd4 Kg8 64. Qxe3 Kg7 65. Kxg5 Kg8 66. Qe7 Kh8 67. Kg6 Kg8 68. Qe8# 1-0

[Event "NJSK 2023 Jeugd C"]
[Site "Almelo, Netherlands"]
[Date "2023.05.02"]
[Round "4.11"]
[White "Etienne, Ghilon"]
[Black "Zhu, Chenwu"]
[Result "0-1"]
[TimeControl "90min/40moves + 30min + 30sec/move"]
[WhiteElo "1673"]
[BlackElo "2052"]

1. e4 c5 2. Nf3 d6 3. d4 cxd4 4. Nxd4 Nf6 5. Nc3 g6 6. Be3 Bg7 7. Bc4 Ng4 8. Qd2 Nxe3 9. fxe3 Nc6 10.
O-O-O Ne5 11. Bb3 Bd7 12. Rdf1 Rb8 13. h4 h5 14. Nf3 O-O 15. Rhg1 b5 16. Nd5 a5 17. a3 Nc4 18. Bxc4 bxc4 19.
Nd4 e6 20. Nc3 Qb6 21. Nd1 Rfc8 22. c3 e5 23. Nf3 Qb3 24. Qc2 Qb6 25. Rf2 Rc7 26. Rd2 Rcb7 27. Re1 Bb5 28. Ree2 Qc6 29.
Qb1 Ba4 30. Nh2 Qd7 31. Nf2 f5 32. exf5 gxf5 33. Nf3 d5 34. Nh3 Rb3 35. Qa2 Qb7 36. Nhg5 Qd7 37. Nh3 Qb5 38. Nhg5 Bf8 39. Ne6 Bd6 40. Ned4 exd4 41.
Nxd4 Qd7 42. Nxb3 cxb3 43. Qb1 Bb5 44. Rf2 Bc5 45. Rf3 Re8 46. Rxf5 Bxe3 47. Rg5+ Bxg5 48. Qg6+ Qg7 49. Qxg5 Qxg5 50.
hxg5 Re1+ 51. Rd1 Rxd1+ 52. Kxd1 Kg7 53. Kd2 Kg6 54. Ke3 Kxg5 55. Kf3 h4 56. g4 Ba6 57. a4 Bc4 58. Kg2 Kxg4 59.
Kh2 h3 60. Kg1 Kg3 61. Kh1 Bd3 62. c4 dxc4 63. Kg1 h2+ 64. Kh1 Be4# 0-1

[Event "NJSK 2023 Jeugd C"]
[Site "Almelo, Netherlands"]
[Date "2023.05.02"]
[Round "4.12"]
[White "Frederiks, Jesse"]
[Black "Vijver, Jonathan"]
[Result "0-1"]
[TimeControl "90min/40moves + 30min + 30sec/move"]
[WhiteElo "1510"]
[BlackElo "1781"]

1. d4 Nf6 2. c4 c5 3. d5 e6 4. Nc3 exd5 5. Nxd5 Nxd5 6. cxd5 d6 7. e3 g6 8. Bd2 Bg7 9. Bc3 f6 10.
Bb5+ Bd7 11. Bxd7+ Nxd7 12. Ne2 Nf8 13. Qa4+ Qd7 14. Qxd7+ Kxd7 15. h4 b5 16. b3 a5 17. a4 b4 18.
Bb2 Re8 19. Kd2 Ke7 20. g4 Kf7 21. Rac1 Re7 22. h5 Nd7 23. h6 Bf8 24. g5 Re8 25. Bxf6 Nxf6 26. gxf6 Re5 27. Nf4 g5 28.
Nd3 Rxd5 29. Rc4 Rf5 30. f4 gxf4 31. Rxf4 Kxf6 32. Rh5 Rxf4 33. Nxf4 Rg8 34. Kd3 Rg1 35. Kd2 Be7 36. Rh2 Kf5 37.
Rf2 Ke4 38. Ne2 Rg6 39. Rf4+ Kd5 40. Rf7 Bg5 41. Rxh7 Rxh6 42. Rxh6 Bxh6 43. Kd3 Ke5 44. Ng1 d5 45. Nf3+ Kf5 46. Nh2 Bg7 47. Nf3 Kg4 48.
Ne1 Bc3 49. Ng2 Be5 50. e4 d4 51. Ne1 Kf4 52. Ng2+ Kg3 53. Ne1 Kf2 54. Nc2 Bg3 55. Na1 Kf3 56. Nc2 Kf4 57. Na1 Be1 58.
Nc2 Bc3 59. Kc4 Kxe4 60. Kxc5 d3 61. Nxb4 Bxb4+ 62. Kc4 d2 63. Kb5 d1=Q 64. Kc4 Qd3# 0-1

[Event "NJSK 2023 Jeugd C"]
[Site "Almelo, Netherlands"]
[Date "2023.05.02"]
[Round "4.13"]
[White "Thijssen, Freek"]
[Black "Roorda, Cas"]
[Result "1/2-1/2"]
[TimeControl "90min/40moves + 30min + 30sec/move"]
[WhiteElo "1644"]
[BlackElo "1769"]

1. e4 e6 2. d4 d5 3. exd5 exd5 4. Nf3 Nf6 5. Bd3 c5 6. dxc5 Bxc5 7. O-O O-O 8. h3 h6 9. Nbd2 a6 10.
Nb3 Ba7 11. Re1 Nc6 12. c3 b5 13. a3 Bb7 14. Be3 Bxe3 15. Rxe3 Qd6 16. Qd2 Rfe8 17. Rae1 Rxe3 18. Rxe3 Nh5 19.
Nfd4 g6 20. Nxc6 Bxc6 21. Nd4 Bd7 1/2-1/2

[Event "NJSK 2023 Jeugd C"]
[Site "Almelo, Netherlands"]
[Date "2023.05.02"]
[Round "4.14"]
[White "De Wit, Evan"]
[Black "Verwer, Oscar"]
[Result "0-1"]
[TimeControl "90min/40moves + 30min + 30sec/move"]
[WhiteElo "1563"]
[BlackElo "1549"]

1. e4 c5 2. Nf3 d6 3. d4 cxd4 4. Nxd4 Nf6 5. Nc3 a6 6. Be2 e5 7. Nb3 Be7 8. Be3 Be6 9. Bf3 Nbd7 10.
a4 Nc5 11. Nxc5 dxc5 12. Qe2 Qc7 13. O-O O-O 14. a5 Rad8 15. Na4 Qxa5 16. Nxc5 Qc7 17. Nxe6 fxe6 18. c3 Rd7 19. Qc2 Rfd8 20.
Qb3 Rd6 21. Ra4 b5 22. Ra2 h6 23. Rfa1 Qc6 24. Qc2 g5 25. Be2 Ra8 26. f3 Nh5 27. g3 Rdd8 28. Kh1 Bc5 29. Bxc5 Qxc5 30.
Rxa6 Rxa6 31. Rxa6 Qe3 32. Qb3 Ng7 33. Rxe6 Kh7 34. Kg2 Qxe2+ 35. Kh3 Rd2 36. Kg4 Qxh2 0-1

[Event "NJSK 2023 Jeugd C"]
[Site "Almelo, Netherlands"]
[Date "2023.05.02"]
[Round "4.15"]
[White "Zootjes, Aäron"]
[Black "Rooijakkers, Liam"]
[Result "1/2-1/2"]
[TimeControl "90min/40moves + 30min + 30sec/move"]
[WhiteElo "1172"]
[BlackElo "1322"]

1. e4 d6 2. d4 Nf6 3. Nc3 Nbd7 4. Bc4 e5 5. Nf3 h6 6. h3 c6 7. d5 Qc7 8. O-O Be7 9. Be3 Nf8 10.
a4 g5 11. Nh2 Ng6 12. Be2 Nf4 13. Bxf4 gxf4 14. Ng4 Bd7 15. b4 Qc8 16. Nxf6+ Bxf6 17. Bg4 Bxg4 18. Qxg4 Qxg4 19. hxg4 Rc8 20. b5 c5 21. a5 Rg8 22. f3 Kd7 23. Na4 Bd8 24. b6 a6 25. c4 Rg5 26. Kf2 Rg6 27.
Rh1 Be7 28. Nc3 Rh8 29. Ne2 Rg5 30. g3 Bf6 31. Rag1 Rh7 32. Rh5 Rxh5 33. gxh5 fxg3+ 34. Nxg3 Bh4 35. Rh1 Bxg3+ 1/2-1/2

[Event "NJSK 2023 Jeugd C"]
[Site "Almelo, Netherlands"]
[Date "2023.05.03"]
[Round "5.1"]
[White "Madularea, David"]
[Black "Arnold, Rhys"]
[Result "1/2-1/2"]
[TimeControl "90min/40moves + 30min + 30sec/move"]
[WhiteElo "1895"]
[BlackElo "2003"]

1. e4 c5 2. Nf3 Nc6 3. d4 cxd4 4. Nxd4 Nf6 5. Nc3 e5 6. Ndb5 d6 7. Bg5 a6 8. Na3 b5 9. Nd5 Be7 10.
Bxf6 Bxf6 11. c4 b4 12. Nc2 O-O 13. g3 a5 14. Bg2 Bg5 15. O-O Bb7 16. Qd3 Ne7 17. Nce3 Nxd5 18. Nxd5 Rc8 19.
a3 Bxd5 20. Qxd5 Rc5 21. Qd3 bxa3 1/2-1/2

[Event "NJSK 2023 Jeugd C"]
[Site "Almelo, Netherlands"]
[Date "2023.05.03"]
[Round "5.2"]
[White "Groenewoud, Joel"]
[Black "Zecha, Oscar"]
[Result "1-0"]
[TimeControl "90min/40moves + 30min + 30sec/move"]
[WhiteElo "1990"]
[BlackElo "1879"]

1. e4 e5 2. Nf3 Nc6 3. Bc4 Bc5 4.
b4 Bxb4 5. c3 Be7 6. d4 Na5 7. Be2 d6 8. dxe5 dxe5 9. Qa4+ c6 10. Nxe5 Nf6 11. O-O O-O 12. Rd1 Qc7 13. Bf4 b5 14.
Qc2 Qb6 15. Nd2 Be6 16. Ndf3 Ng4 17. Nxg4 Bxg4 18. Nd4 Bxe2 19. Qxe2 Rfe8 20. Nf5 Bf6 21. Rd7 Qc5 22. Qh5 Qxc3 23.
Rad1 Rf8 24. e5 Rad8 25. Rc1 Qb2 26. Rxd8 Bxd8 27. Qg4 g6 28. h4 h5 29. Qg3 Nc4 30. Rd1 Kh7 31. Nd4 c5 32.
Nc6 Bb6 33. Qg5 Re8 34. Rd7 Qb1+ 35. Kh2 Qf5 36. Qh6+ Kg8 37. Ne7+ Rxe7 38. Rxe7 Qc8 39.
e6 1-0

[Event "NJSK 2023 Jeugd C"]
[Site "Almelo, Netherlands"]
[Date "2023.05.03"]
[Round "5.3"]
[White "Aravindhan, Achyuth"]
[Black "Kurt, Sascha"]
[Result "1/2-1/2"]
[TimeControl "90min/40moves + 30min + 30sec/move"]
[WhiteElo "1833"]
[BlackElo "1894"]

1. e4 c5 2. Nf3 e6 3. d4 cxd4 4. Nxd4 Nf6 5. Nc3 d6 6. g4 h6 7. h4 Nc6 8. Rg1 d5 9. exd5 Nxd5 10.
Nxd5 Qxd5 11. Bg2 Qe5+ 12. Be3 Bd7 13. Nxc6 Bxc6 14. Bxc6+ bxc6 15. Qf3 Qd5 16. Qxd5 cxd5 17. O-O-O Be7 18.
g5 hxg5 19. hxg5 Bd6 20. Kb1 Ke7 21. b3 a6 22. Rge1 f6 23. Bc1 Bb4 24. Rg1 Kf7 25. gxf6 gxf6 26. c4 Rad8 27. Rg4 Bc5 28.
cxd5 exd5 29. Bb2 Rd6 30. Bd4 Bxd4 31. Rgxd4 Ke6 32. Kb2 Rh5 33. b4 Re5 34. Kc3 Re2 35. R1d2 Rxd2 1/2-1/2

[Event "NJSK 2023 Jeugd C"]
[Site "Almelo, Netherlands"]
[Date "2023.05.03"]
[Round "5.4"]
[White "Wink, Luka"]
[Black "Terlouw, Wouter"]
[Result "1-0"]
[TimeControl "90min/40moves + 30min + 30sec/move"]
[WhiteElo "1849"]
[BlackElo "1923"]

1. e4 c5 2. Nf3 Nc6 3. d4 cxd4 4. Nxd4 Nf6 5. Nc3 e5 6. Ndb5 d6 7. Nd5 Nxd5 8. exd5 Nb8 9. c4 Be7 10.
Bd3 O-O 11. O-O f5 12. c5 a6 13. cxd6 Bxd6 14. Nxd6 Qxd6 15. Be2 Nd7 16. Re1 Nf6 17. Qb3 b5 18. a4 bxa4 19. Rxa4 Nxd5 20.
Bc4 Be6 21. Rd1 Rfd8 22. Ra5 Rab8 23. Qa2 Nc3 24. Bxe6+ Kh8 25. Rxd6 Rxd6 26. Rd5 Rxd5 27. Bxd5 Nxa2 28. Bxa2 Rc8 29.
Bd2 Rc2 30. Be1 Rxb2 31. Bc4 Rb1 32. Kf1 a5 33. Ke2 a4 34. Bc3 e4 35. Kd2 Rg1 36. g3 Rg2 37. Ke3 Rxh2 38. Bd4 Rh1 39.
Kf4 Rd1 40. Ke5 a3 41. Bc5 Ra1 42. Be6 h6 43. Kxf5 a2 44. Be3 Kh7 45. Ke5 h5 46. Bd4 e3 47. fxe3 Rg1 48. Bxa2 Rxg3 49.
Kf4 h4 50. e4 g5+ 51. Kf5 h3 52. Be5 h2 53. Bxg3 h1=Q 54. Bd6 Qf1+ 55. Ke6 Kg6 56. Ke7 Qf6+ 57. Kd7 Qg7+ 58. Kc6 Qc3+ 59.
Kd7 Qf3 60. e5 Qb7+ 61. Bc7 Qb5+ 62. Kd8 Qa6 63. Bb1+ Kf7 64. Bf5 Qa3 65. Bd6 Qa5+ 66. Bc7 Kg7 67. Bxa5 1-0

[Event "NJSK 2023 Jeugd C"]
[Site "Almelo, Netherlands"]
[Date "2023.05.03"]
[Round "5.5"]
[White "Roolvink, William"]
[Black "Kazarjan, Gachatur"]
[Result "1-0"]
[TimeControl "90min/40moves + 30min + 30sec/move"]
[WhiteElo "1852"]
[BlackElo "1872"]

1. e4 c5 2. Nc3 Nc6 3. Bb5 Nd4 4. Nf3 e6 5. O-O a6 6. Bd3 Bd6 7. Nxd4 cxd4 8. Ne2 Qb6 9. c3 dxc3 10.
bxc3 Bxh2+ 11. Kxh2 Qd6+ 12. Ng3 Qxd3 13. Ba3 Ne7 14. Qg4 Rg8 15. f4 f6 16. Qh5+ Kf8 17. Qxh7 d6 18. Rf3 Qxd2 19.
e5 Kf7 20. Ne4 Qd5 21. exf6 Nf5 22. Ng5+ Kf8 23. f7 Nh6 24. fxg8=Q+ Nxg8 25. Rd3 1-0

[Event "NJSK 2023 Jeugd C"]
[Site "Almelo, Netherlands"]
[Date "2023.05.03"]
[Round "5.6"]
[White "Lopes, Samuel"]
[Black "Krylov, Philippe"]
[Result "1/2-1/2"]
[TimeControl "90min/40moves + 30min + 30sec/move"]
[WhiteElo "1865"]
[BlackElo "1858"]

1. e4 c6 2. d4 d5 3. e5 Bf5 4. h4 h5 5. Bd3 Bxd3 6. Qxd3 Qa5+ 7. Nd2 e6 8. Ngf3 Qa6 9. c4 Ne7 10.
O-O Nf5 11. b3 Be7 12. a4 Qa5 13. Ba3 Bxa3 14. Rxa3 Na6 15. b4 Nxb4 16. Qc3 c5 17. cxd5 cxd4 18. Nxd4 Nxd4 19. Qxd4 Nc2 20.
Qc3 Qxc3 21. Rxc3 Nd4 22. Rd3 Ne2+ 23. Kh2 1/2-1/2

[Event "NJSK 2023 Jeugd C"]
[Site "Almelo, Netherlands"]
[Date "2023.05.03"]
[Round "5.7"]
[White "Katpatal, Akshaj"]
[Black "Van Batenburg, Mees"]
[Result "1/2-1/2"]
[TimeControl "90min/40moves + 30min + 30sec/move"]
[WhiteElo "1840"]
[BlackElo "2054"]

1. e4 c5 2. Nf3 Nc6 3. d4 cxd4 4. Nxd4 e5 5. Nxc6 bxc6 6. Nc3 Nf6 7. Bc4 Bb4 8. Bg5 h6 9. Bxf6 Qxf6 10.
O-O O-O 11. Ne2 Bd6 12. Qd2 Bc7 13. b3 Qe7 14. Rad1 Kh8 15. f4 exf4 16. Nxf4 Qxe4 17. Rde1 Qf5 18. Nd5 Bxh2+ 19. Kxh2 Qh5+ 20. Kg1 cxd5 21. Qxd5 Qxd5 22.
Bxd5 Rb8 23. Rxf7 Rxf7 24. Re8+ Kh7 25. Bxf7 Ra8 26. Kf2 Bb7 27. Re7 Rf8 28. Kg3 Bc6 29. c4 Rb8 30. Bd5 Bxd5 31.
cxd5 a5 32. Rxd7 a4 33. bxa4 Ra8 34. Rc7 Rxa4 35. Rc2 Rd4 36. Rc5 Kg6 37. Rc6+ Kf7 38. d6 Ra4 39. d7 Ke7 40. Rd6 Kd8 41.
Rd2 g5 42. Kf3 h5 43. g3 h4 44. gxh4 gxh4 45. Kg2 Ra7 46.
Kh3 Rxd7 47. Rb2 Rd4 48. Rf2 Kc7 49. Rf7+ Kb6 50. Rh7 Kb5 51. Rxh4 Rxh4+ 52. Kxh4 Ka4 53. Kh3 Ka3 54. Kg2 Kxa2 55.
Kf3 1/2-1/2

[Event "NJSK 2023 Jeugd C"]
[Site "Almelo, Netherlands"]
[Date "2023.05.03"]
[Round "5.8"]
[White "Zhu, Chenwu"]
[Black "Fallaux, Storm"]
[Result "1-0"]
[TimeControl "90min/40moves + 30min + 30sec/move"]
[WhiteElo "2052"]
[BlackElo "1650"]

1. e4 c5 2. Nf3 d6 3. d4 cxd4 4.
Nxd4 Nf6 5. Nc3 a6 6. f3 e5 7. Nb3 Be6 8. Be3 Be7 9. Qd2 h5 10. O-O-O Nbd7 11. Kb1 b5 12. Nd5 Bxd5 13.
exd5 Nb6 14. Bxb6 Qxb6 15. Na5 Rc8 16. c4 bxc4 17. Nxc4 Qc7 18. Na5 Nxd5 19. Bxa6 Nc3+ 20. Qxc3 Qxc3 21.
bxc3 Rb8+ 22. Ka1 O-O 23. Nc6 1-0

[Event "NJSK 2023 Jeugd C"]
[Site "Almelo, Netherlands"]
[Date "2023.05.03"]
[Round "5.9"]
[White "Vijver, Jonathan"]
[Black "Ten Kate, Gustav"]
[Result "1/2-1/2"]
[TimeControl "90min/40moves + 30min + 30sec/move"]
[WhiteElo "1781"]
[BlackElo "1815"]

1. e4 c6 2. d4 d5 3. Nc3 dxe4 4. Nxe4 Nf6 5. Nxf6+ exf6 6. Nf3 Bd6 7. Be2 Nd7 8. O-O O-O 9.
c4 Re8 10. Be3 Nf8 11. Qd2 Ng6 12. Rac1 a5 13. Rfd1 Bf5 14. a3 a4 15. h3 Qb8 16. Bf1 Bf4 17. Re1 Bxe3 18. Rxe3 Rxe3 19.
fxe3 Be4 20. Qf2 Ra5 21. c5 Ra8 22. Nd2 Bd5 23. Nc4 Bxc4 24. Bxc4 b5 25. Bd3 Ne7 26. Qf3 Qc8 27. Qe4 Qe6 28.
Qf3 Qb3 29. Qe4 g6 30. Rb1 Nd5 31. Bc2 Qxe3+ 32. Qxe3 Nxe3 33. Be4 Rc8 34. Kf2 Nc4 35. Bd3 Nd2 36. Rd1 Nb3 37. Bc2 Rd8 38. Bxb3 axb3 39. Ke3 Rd5 40.
Kd3 Rg5 41. Rd2 Rg3+ 42. Ke4 Rg5 43. Re2 Kf8 44. Kd3 Rg3+ 45. Ke4 Rg5 46. Kd3 1/2-1/2

[Event "NJSK 2023 Jeugd C"]
[Site "Almelo, Netherlands"]
[Date "2023.05.03"]
[Round "5.10"]
[White "Roorda, Cas"]
[Black "Ambrona Navarro, Himar"]
[Result "0-1"]
[TimeControl "90min/40moves + 30min + 30sec/move"]
[WhiteElo "1769"]
[BlackElo "1834"]

1. e4 c6 2. d4 d5 3. e5 c5 4. Nf3 Nc6 5. dxc5 Bg4 6. c3 e6 7. Be3 Bxf3 8. Qxf3 Nxe5 9. Bb5+ Nc6 10.
O-O Nf6 11. c4 Be7 12. Nc3 O-O 13. Rfd1 a6 14. cxd5 exd5 15. Nxd5 Ne5 16. Qg3 Nxd5 17. Qxe5 Bf6 18. Qe4 axb5 19.
Rxd5 Qa5 20. Rd2 Rae8 21. Qc2 Re7 22. h3 Rfe8 23. a3 Qc7 24. g3 Be5 25. Qb3 Bxg3 26. Qxb5 Bf4 27. Bxf4 Qxf4 28.
Qb4 Qf3 29. Rd4 Re6 30. Qc3 Rg6+ 31. Rg4 Rxg4+ 32. hxg4 Qxg4+ 33. Qg3 Qd4 34. Qc3 Qxc3 35. bxc3 h5 36. Rb1 Rc8 37. Rb5 Ra8 38.
Rb3 Ra5 39. Rxb7 Rxa3 40. c6 Rxc3 41. c7 Kh7 42. c8=Q Rxc8 43. Rxf7 Kg6 44. Rb7 Rc6 45. Rb5 Kh6 46. Kg2 Rg6+ 47.
Kh3 Rg5 48. Rb6+ g6 49. Rb7 Rf5 50. Kg3 g5 51. Rb6+ Kg7 52. f3 Rf6 53. Rb5 Kg6 54. Rb8 h4+ 55. Kg2 Ra6 56. Rg8+ Kh6 57.
Kh3 Rf6 58. Kg2 Rf4 59. Rb8 Ra4 60. Rb6+ Kh5 61. Rb8 Ra2+ 62. Kh3 Rf2 63. Rf8 Kg6 64. Kg4 Rg2+ 65. Kh3 Ra2 66. Kg4 Rh2 67.
Rg8+ Kf6 68. Rf8+ Ke7 69. Rf5 Rg2+ 70. Kh3 Rg3+ 71. Kh2 Ke6 72. Rf8 Kd5 73. Rd8+ Ke5 74. Re8+ Kf4 75. Rf8+ Ke3 76.
Rf5 Kf2 77. Rb5 Kxf3 78. Rb3+ Kg4 79. Rb4+ Kh5 80. Rb5 Re3 81. Ra5 Kg4 82. Ra4+ Kf5 83. Ra5+ Kf4 84. Ra4+ Re4 85. Ra3 g4 86.
Ra8 Re2+ 87. Kh1 h3 88. Rf8+ Kg3 89. Rf1 Re4 90. Ra1 Kh4 91. Ra8 Re1+ 0-1

[Event "NJSK 2023 Jeugd C"]
[Site "Almelo, Netherlands"]
[Date "2023.05.03"]
[Round "5.11"]
[White "Verwer, Oscar"]
[Black "Chua, Ethan"]
[Result "0-1"]
[TimeControl "90min/40moves + 30min + 30sec/move"]
[WhiteElo "1549"]
[BlackElo "1776"]

1. e4 c6 2. Nc3 d5 3. Nf3 dxe4 4. Nxe4 Nf6 5. Qe2 Nxe4 6. Qxe4 Nd7 7. d4 Nf6 8. Qe2 Bg4 9. Be3 e6 10.
g3 Qb6 11. Bg2 c5 12. Qd3 Rd8 13. c3 Bxf3 14. Bxf3 cxd4 15. Bxd4 Bc5 16. O-O-O O-O 17. Bxc5 Rxd3 18. Bxb6 Rxf3 19.
Bxa7 Nd5 20. c4 Rc8 21. b3 b5 22. Rd4 Rxf2 23. Rd2 Rxd2 24. Kxd2 bxc4 25. Rc1 c3+ 26. Kd3 Nb4+ 27. Kd4 c2 28.
Bc5 Rxc5 29. Kxc5 Nd3+ 30. Kc4 Nxc1 31. Kc3 Nxa2+ 32. Kxc2 Nb4+ 33. Kc3 Nd5+ 34. Kc4 f5 35. b4 Kf7 36.
b5 Kf6 37. Kd4 g5 38. h3 f4 39. gxf4 gxf4 40. h4 Kf5 0-1

[Event "NJSK 2023 Jeugd C"]
[Site "Almelo, Netherlands"]
[Date "2023.05.03"]
[Round "5.12"]
[White "Wortman, Rawi"]
[Black "Thijssen, Freek"]
[Result "0-1"]
[TimeControl "90min/40moves + 30min + 30sec/move"]
[WhiteElo "1668"]
[BlackElo "1644"]

1. e4 e5 2. Nf3 Nc6 3. Bc4 Bc5 4. c3 Nf6 5. d4 exd4 6. e5 d5 7. Bb5 Ne4 8. cxd4 Bb6 9. O-O Bg4 10.
Be3 O-O 11. Bxc6 bxc6 12. Nc3 f6 13. Bf4 fxe5 14. Bxe5 Ng5 15. Nxg5 Bxd1 16. Ne6 Qe7 17. Nxf8 Bh5 18. Nxh7 Kxh7 19.
Rfe1 Re8 20. Re3 Bg6 21. Rh3+ Kg8 22. Rg3 Bxd4 0-1

[Event "NJSK 2023 Jeugd C"]
[Site "Almelo, Netherlands"]
[Date "2023.05.03"]
[Round "5.13"]
[White "Klein Tuente, Sam"]
[Black "Etienne, Ghilon"]
[Result "0-1"]
[TimeControl "90min/40moves + 30min + 30sec/move"]
[WhiteElo "1478"]
[BlackElo "1673"]

1. e4 e5 2. Nf3 Nc6 3. Bc4 Nf6 4. d3 h6 5. Nc3 d6 6. h3 g5 7. Nxg5 hxg5 8. Bxg5 Be7 9. f4 Nh5 10.
Qf3 Be6 11. Bxe7 Qxe7 12. f5 Bxc4 13. dxc4 Qh4+ 14. Kd2 Nd4 15. Qe3 Qf4 16. Qxf4 Nxf4 17. Nd5 Nxd5 18. cxd5 c6 19. c3 Nb5 20. a4 Nc7 21. dxc6 bxc6 22. Rae1 Ke7 23. g4 Rag8 24. Ke3 Kf6 25.
Kf3 Rh4 26. Reg1 Kg5 27. f6 Ne6 28. Rd1 Rd8 29. Kg3 Nf4 30. c4 Ne2+ 31. Kf2 Nd4 32. Kg3 Rb8 33. Rhf1 Rb3+ 34. Kg2 Rhxh3 35. Rf2 Rbg3+ 0-1

[Event "NJSK 2023 Jeugd C"]
[Site "Almelo, Netherlands"]
[Date "2023.05.03"]
[Round "5.14"]
[White "Rooijakkers, Liam"]
[Black "Frederiks, Jesse"]
[Result "1/2-1/2"]
[TimeControl "90min/40moves + 30min + 30sec/move"]
[WhiteElo "1322"]
[BlackElo "1510"]

1. e4 e6 2. d4 d5 3. Nc3 Bb4 4. e5 c5 5. a3 Bxc3+ 6. bxc3 Ne7 7. Qg4 Ng6 8. Bd3 Nc6 9. Ne2 c4 10.
Bxg6 hxg6 11. a4 Bd7 12. Ba3 Ne7 13. Qg5 Nf5 14. Qxd8+ Kxd8 15. Bc1 Bc6 16. Bf4 Kd7 17. Ng3 Rh7 18.
Nxf5 gxf5 19. Ke2 Rah8 20. h3 Rh5 21. Rhg1 Rg8 22. Bc1 g5 23. f3 g4 24. fxg4 fxg4 25. hxg4 Rxg4 26. Kf3 Rg7 27.
Bf4 Rgh7 28. a5 Ke8 29. Raf1 Kf8 30. Ke3 Kg8 31. Rf3 Rh1 32. Rff1 Rxg1 33. Rxg1 Kf8 34. Kd2 Rh5 35. Rf1 Kg7 36.
Ke2 Kg6 37. Ke3 Rh7 38. Kf3 Kg7 39. Bg5 Kf8 40. Bc1 Ke8 41. Kg4 Rg7+ 42. Kf3 Kd7 43. Ba3 Ba4 44. Rf2 Rg5 45. g4 Rg6 46.
Kg3 Rg7 47. Rh2 1/2-1/2

[Event "NJSK 2023 Jeugd C"]
[Site "Almelo, Netherlands"]
[Date "2023.05.03"]
[Round "5.15"]
[White "Zootjes, Aäron"]
[Black "De Wit, Evan"]
[Result "1/2-1/2"]
[TimeControl "90min/40moves + 30min + 30sec/move"]
[WhiteElo "1172"]
[BlackElo "1563"]

1. e4 c5 2. c3 Nf6 3. e5 Nd5 4.
d4 e6 5.
Nf3 Nc6 6. Bd3 Be7 7. O-O cxd4 8. cxd4 O-O 9. Bd2 h6 10. Nc3 Nxc3 11. Bxc3 d5 12. Qd2 Qb6 13. a3 Bd7 14. Rab1 a5 15.
b4 axb4 16. axb4 Na7 17. b5 Qd8 18. Bb4 b6 19. Rfc1 Re8 20. h3 Qb8 21. Bxe7 Rxe7 22. Nh2 Qe8 23. Ng4 Qf8 24. Qe3 Ree8 25.
Rc7 Red8 26. Qg3 Kh8 27. Qh4 Qa3 28. Bc2 Nxb5 29. Nxh6 Nxc7 30. Nxf7+ Kg8 31. Nxd8 Qc3 32. Qh7+ Kf8 33. Qh8+ Ke7 34. Qh4+ Kf8 35.
Bg6 Qd2 36. Qh8+ Ke7 37. Qh4+ 1/2-1/2

[Event "NJSK 2023 Jeugd C"]
[Site "Almelo, Netherlands"]
[Date "2023.05.04"]
[Round "6.1"]
[White "Madularea, David"]
[Black "Wink, Luka"]
[Result "1/2-1/2"]
[TimeControl "90min/40moves + 30min + 30sec/move"]
[WhiteElo "1895"]
[BlackElo "1849"]

1. e4 c5 2. Nf3 d6 3. d4 cxd4 4. Nxd4 Nf6 5. Nc3 g6 6. Be3 Bg7 7. f3 O-O 8.
Qd2 Nc6 9. O-O-O d5 10. exd5 Nxd5 11. Nxc6 bxc6 12. Bd4 e5 13. Bc5 Re8 14. Ne4 Qc7 15. h4 f5 16. Nd6 Rd8 17. Nxc8 Raxc8 18. h5 Nb6 19. Bxb6 Rxd2 20. Bc4+ Kf8 21. Bxc7 Rxd1+ 22. Rxd1 Rxc7 23. hxg6 Bh6+ 24. Kb1 hxg6 25. Rd6 Kg7 26. b4 c5 27. b5 Re7 28.
a4 e4 29. a5 Bf4 30. Ra6 e3 31. Be2 Kh6 32. b6 Bb8 33. bxa7 Bxa7 34. Rc6 Kg7 35. Kb2 1/2-1/2

[Event "NJSK 2023 Jeugd C"]
[Site "Almelo, Netherlands"]
[Date "2023.05.04"]
[Round "6.2"]
[White "Arnold, Rhys"]
[Black "Groenewoud, Joel"]
[Result "1-0"]
[TimeControl "90min/40moves + 30min + 30sec/move"]
[WhiteElo "2003"]
[BlackElo "1990"]

1. e4 c6 2. d4 d5 3. e5 c5 4. dxc5 Nc6 5. Nf3 Bg4 6. Bb5 e6 7. b4 a5 8. c3 Nge7 9. Nbd2 Ng6 10.
h3 Bxf3 11. Nxf3 axb4 12. cxb4 Be7 13. O-O O-O 14. Bxc6 bxc6 15. Bb2 Qc7 16. a4 f6 17. Re1 Qb7 18. Qd2 Rab8 19. exf6 Bxf6 20.
Bxf6 Rxf6 21. Rab1 Qc7 22. Qc3 Rbf8 23. Re3 Qf4 24. Qe1 Qc4 25. Qe2 Qf4 26. Rb2 Kh8 27. a5 Ra8 28. Ne5 Nxe5 29.
Rxe5 Qc1+ 30. Kh2 Qc3 31. Re3 Qd4 32. Qd2 Qc4 33. Rc2 Qb5 34. Qd4 h6 35. Rb2 Raf8 36. Kg1 Qa4 37. Re1 Rf4 38.
Qc3 Rc4 39. Qd2 Rf6 40. Reb1 Qb5 41. Qe2 Qb7 42. f3 Qc7 43. Rc2 Rcf4 44. b5 cxb5 45. Qxb5 Qe5 46. Qb8+ Qxb8 47. Rxb8+ Kh7 48.
c6 1-0